AA
OKLAHOMA CITY 89'ERS @ SACRAMENTO AMISH
08/28/2059
 
TOP OF THE 1ST
Oklahoma City 89'ers batting - Pitching for Sacramento Amish : LHP Jeremy Fox
Pitching: LHP Jeremy Fox
Batting: LHB Neal McDonald 0-0: Ball
1-0: Called Strike
1-1: Ball
2-1: Called Strike
2-2: Ball
3-2: Base on Balls
Batting: RHB Roger D'Andrea 0-0: Called Strike
Neal McDonald is caught stealing 2nd base 2-4
0-1: Ball
1-1: Ball
2-1: Foul Ball, location: 2F
2-2: Foul Ball, location: 2F
2-2: Strikes out swinging
Batting: RHB Quinn Holloway 0-0: Called Strike
0-1: Ball
1-1: Foul Ball, location: 2F
1-2: Ball
2-2: Foul Ball, location: 2F
2-2: Strikes out swinging
Top of the 1st over - 0 runs, 0 hits, 0 errors, 0 left on base; Oklahoma City 0 - Sacramento 0
BOTTOM OF THE 1ST
Sacramento Amish batting - Pitching for Oklahoma City 89'ers : RHP Dan Huckeba
Pitching: RHP Dan Huckeba
Batting: RHB Stefan Flynn 0-0: Ball
1-0: Ball
2-0: Called Strike
2-1: Swinging Strike
2-2: Strikes out looking
Batting: LHB Logan Laughlin 0-0: Called Strike
0-1: Ball
1-1: Ball
2-1: Foul Ball, location: 2F
2-2: Foul Ball, location: 2F
2-2: SOLO HOME RUN (Line Drive, 89XD, EV 111.2 MPH), Distance : 421 ft
Batting: RHB Blake Allen 0-0: Ball
1-0: Called Strike
1-1: Ball
2-1: Called Strike
2-2: Foul Ball, location: 2F
2-2: Fly out, F9 (Flyball, 9, EV 78.8 MPH)
Batting: SHB Jackie Smitherman 0-0: Called Strike
0-1: Called Strike
0-2: SOLO HOME RUN (Flyball, 9LD, EV 95.6 MPH), Distance : 378 ft
Batting: RHB Trinity Gonzalez 0-0: SINGLE (Line Drive, 4MD, EV 95.6 MPH)
Batting: SHB Max Gilbert 0-0: Swinging Strike
0-1: Ground out 6-3 (Groundball, 6M, EV 85.0 MPH)
Bottom of the 1st over - 2 runs, 3 hits, 0 errors, 1 left on base; Oklahoma City 0 - Sacramento 2
TOP OF THE 2ND
Oklahoma City 89'ers batting - Pitching for Sacramento Amish : LHP Jeremy Fox
Batting: RHB Logan Michalski 0-0: Swinging Strike
0-1: Foul Ball, location: 2F
0-2: Ball
1-2: Strikes out swinging
Batting: LHB Dave Hargrave 0-0: Ball
1-0: Ground out 4-3 (Groundball, 4M, EV 99.4 MPH)
Batting: LHB Alvan Goldsmith 0-0: Swinging Strike
0-1: Foul Ball, location: 2F
0-2: Foul Ball, location: 2F
0-2: Ball
1-2: Ball
2-2: Ball
3-2: Foul Ball, location: 2F
3-2: Strikes out swinging
Top of the 2nd over - 0 runs, 0 hits, 0 errors, 0 left on base; Oklahoma City 0 - Sacramento 2
BOTTOM OF THE 2ND
Sacramento Amish batting - Pitching for Oklahoma City 89'ers : RHP Dan Huckeba
Batting: RHB Cole Boudreaux 0-0: Swinging Strike
0-1: Foul Ball, location: 2F
0-2: Ball
1-2: Ball
2-2: Foul Ball, location: 2F
2-2: Ball
3-2: Foul Ball, location: 2F
3-2: Ground out 5-3 (Groundball, 5, EV 100.6 MPH)
Batting: RHB Gavin Russell 0-0: Called Strike
0-1: Ball
1-1: Called Strike
1-2: Strikes out swinging
Batting: RHB Martin Riley 0-0: Ball
1-0: Fly out, F8 (Flyball, 8RD, EV 108.8 MPH)
Bottom of the 2nd over - 0 runs, 0 hits, 0 errors, 0 left on base; Oklahoma City 0 - Sacramento 2
TOP OF THE 3RD
Oklahoma City 89'ers batting - Pitching for Sacramento Amish : LHP Jeremy Fox
Batting: LHB Ozzie Young 0-0: Swinging Strike
0-1: Ball
1-1: Ball
2-1: Foul Ball, location: 2F
2-2: Ball
3-2: Foul Ball, location: 2F
3-2: Foul Ball, location: 2F
3-2: Base on Balls
Batting: RHB Uriel Guadagnino 0-0: Ball
Ozzie Young steals 2nd base
1-0: Foul Ball, location: 2F
1-1: SINGLE (Line Drive, 34, EV 100.0 MPH)
Ozzie Young to third
Batting: LHB Eaton Duda 0-0: Called Strike
0-1: Foul Ball, location: 2F
0-2: Foul Ball, location: 2F
0-2: Foul Ball, location: 2F
0-2: Fly out, F8 (Flyball, 8RM, EV 86.9 MPH)
Runner from 3rd tags up, SCORES, throw by CF
Batting: LHB Neal McDonald 0-0: Called Strike
Uriel Guadagnino is caught stealing 2nd base 2-6
0-1: Called Strike
0-2: Fly out, F5 (Popup, 56S, EV 75.6 MPH)
Top of the 3rd over - 1 run, 1 hit, 0 errors, 0 left on base; Oklahoma City 1 - Sacramento 2
BOTTOM OF THE 3RD
Sacramento Amish batting - Pitching for Oklahoma City 89'ers : RHP Dan Huckeba
Batting: RHB Stefan Flynn 0-0: Swinging Strike
0-1: Ball
1-1: Ball
2-1: Foul Ball, location: 2F
2-2: Strikes out swinging
Batting: LHB Logan Laughlin 0-0: Called Strike
0-1: Foul Ball, location: 2F
0-2: Strikes out swinging
Batting: RHB Blake Allen 0-0: Ball
1-0: Swinging Strike
1-1: Ball
2-1: Swinging Strike
2-2: Ball
3-2: Base on Balls
Batting: SHB Jackie Smitherman 0-0: Fielders Choice at 2nd, 6-4 (Groundball, 6, EV 85.0 MPH)
Bottom of the 3rd over - 0 runs, 0 hits, 0 errors, 1 left on base; Oklahoma City 1 - Sacramento 2
TOP OF THE 4TH
Oklahoma City 89'ers batting - Pitching for Sacramento Amish : LHP Jeremy Fox
Batting: RHB Roger D'Andrea 0-0: Ball
1-0: Ball
2-0: Fly out, F8 (Flyball, 8LD, EV 93.8 MPH)
Batting: RHB Quinn Holloway 0-0: Ball
1-0: Foul Ball, location: 2F
1-1: DOUBLE (Groundball, 5L, EV 105.6 MPH)
Batting: RHB Logan Michalski 0-0: Ground out 5-3 (Groundball, 5, EV 78.1 MPH)
Batting: LHB Dave Hargrave 0-0: SINGLE (Groundball, 3S, EV 68.1 MPH) (infield hit)
Quinn Holloway to third
Pinch Runner at 1st Stuart Owens:
Batting: LHB Alvan Goldsmith 0-0: Ball
1-0: Called Strike
1-1: Fly out, F7 (Flyball, 78S, EV 95.6 MPH)
Top of the 4th over - 0 runs, 2 hits, 0 errors, 2 left on base; Oklahoma City 1 - Sacramento 2
BOTTOM OF THE 4TH
Sacramento Amish batting - Pitching for Oklahoma City 89'ers : RHP Dan Huckeba
Now at 1B: Stuart Owens
Batting: RHB Trinity Gonzalez 0-0: Called Strike
0-1: Foul Ball, location: 2F
0-2: Strikes out swinging
Batting: SHB Max Gilbert 0-0: Swinging Strike
0-1: Ball
1-1: Ball
2-1: Fly out, F7 (Flyball, 78S, EV 88.1 MPH)
Batting: RHB Cole Boudreaux 0-0: Called Strike
0-1: Ball
1-1: Foul Ball, location: 2F
1-2: Strikes out swinging
Bottom of the 4th over - 0 runs, 0 hits, 0 errors, 0 left on base; Oklahoma City 1 - Sacramento 2
TOP OF THE 5TH
Oklahoma City 89'ers batting - Pitching for Sacramento Amish : LHP Jeremy Fox
Batting: LHB Ozzie Young 0-0: Ball
1-0: Ball
2-0: Called Strike
2-1: Fly out, F8 (Flyball, 89XD, EV 88.1 MPH)
Batting: RHB Uriel Guadagnino 0-0: Called Strike
0-1: Ball
1-1: Ball
2-1: Ball
3-1: Base on Balls
Batting: LHB Eaton Duda 0-0: Ball
1-0: Ball
2-0: Grounds into double play, 4-6-3 (Groundball, 4MD, EV 85.0 MPH)
Top of the 5th over - 0 runs, 0 hits, 0 errors, 0 left on base; Oklahoma City 1 - Sacramento 2
BOTTOM OF THE 5TH
Sacramento Amish batting - Pitching for Oklahoma City 89'ers : RHP Dan Huckeba
Batting: RHB Gavin Russell 0-0: Swinging Strike
0-1: Foul Ball, location: 2F
0-2: Foul Ball, location: 2F
0-2: Strikes out swinging
Batting: RHB Martin Riley 0-0: Called Strike
0-1: Called Strike
0-2: Strikes out swinging
Batting: RHB Stefan Flynn 0-0: Foul Ball, location: 2F
0-1: Ball
1-1: Fly out, F9 (Line Drive, 89M, EV 96.2 MPH)
Bottom of the 5th over - 0 runs, 0 hits, 0 errors, 0 left on base; Oklahoma City 1 - Sacramento 2
TOP OF THE 6TH
Oklahoma City 89'ers batting - Pitching for Sacramento Amish : LHP Jeremy Fox
Batting: LHB Neal McDonald 0-0: Foul Ball, location: 2F
0-1: Ball
1-1: SINGLE (Flyball, 56D, EV 95.0 MPH)
Batting: RHB Roger D'Andrea 0-0: Ball
1-0: Foul Ball, location: 2F
1-1: Ball
2-1: Ball
3-1: Fly out, F9 (Flyball, 9LM, EV 97.5 MPH)
Batting: RHB Quinn Holloway 0-0: Ball
Pickoff Throw to First - Out! 1-3
1-0: Ball
2-0: Foul Ball, location: 2F
2-1: Ball
3-1: Foul Ball, location: 2F
3-2: Reached on error, E4 (Groundball, 4, EV 101.2 MPH)
Batting: RHB Logan Michalski 0-0: Ball
1-0: Called Strike
1-1: Foul Ball, location: 2F
1-2: Foul Ball, location: 2F
1-2: Strikes out swinging
Top of the 6th over - 0 runs, 1 hit, 1 error, 1 left on base; Oklahoma City 1 - Sacramento 2
BOTTOM OF THE 6TH
Sacramento Amish batting - Pitching for Oklahoma City 89'ers : RHP Dan Huckeba
Batting: LHB Logan Laughlin 0-0: Ball
1-0: Ball
2-0: Ball
3-0: Base on Balls
Batting: RHB Blake Allen 0-0: Ball
Logan Laughlin steals 2nd base
1-0: Ball
2-0: Called Strike
2-1: SINGLE (Flyball, 9S, EV 92.5 MPH)
Logan Laughlin to third
Batting: SHB Jackie Smitherman 0-0: Called Strike
0-1: TRIPLE (Line Drive, 89XD, EV 105.0 MPH)
Logan Laughlin scores
Blake Allen scores
Batting: RHB Trinity Gonzalez 0-0: Ball
1-0: Ball
2-0: Ball
3-0: Called Strike
3-1: Foul Ball, location: 2F
3-2: Ground out U3 (Groundball, 3S, EV 82.5 MPH)
Batting: SHB Max Gilbert 0-0: Ball
1-0: Called Strike
1-1: SINGLE (Line Drive, 8LS, EV 88.1 MPH)
Jackie Smitherman scores
Pitching: RHP Lucas Gustafson
Batting: RHB Cole Boudreaux 0-0: Called Strike
0-1: Ball
1-1: Foul Ball, location: 2F
1-2: Foul Ball, location: 2F
1-2: Ball
2-2: Ball
3-2: Foul Ball, location: 2F
3-2: Fly out, F8 (Line Drive, 8LM, EV 90.6 MPH)
Batting: RHB Gavin Russell 0-0: Called Strike
0-1: Ball
1-1: Foul Ball, location: 2F
1-2: Ball
2-2: Strikes out swinging
Bottom of the 6th over - 3 runs, 3 hits, 0 errors, 1 left on base; Oklahoma City 1 - Sacramento 5
TOP OF THE 7TH
Oklahoma City 89'ers batting - Pitching for Sacramento Amish : LHP Jeremy Fox
Batting: SHB Stuart Owens 0-0: Ball
1-0: Ball
2-0: Reached on error, E5 (Groundball, 56S, EV 62.5 MPH)
Batting: LHB Alvan Goldsmith 0-0: Ball
1-0: Ball
2-0: Called Strike
2-1: Swinging Strike
2-2: Ball
3-2: Base on Balls
Stuart Owens to second
Batting: LHB Ozzie Young 0-0: Called Strike
0-1: Swinging Strike
0-2: Ball
1-2: Foul Ball, location: 2F
1-2: Strikes out swinging
Pitching: RHP Gavin Armstrong
Batting: RHB Uriel Guadagnino 0-0: Called Strike
0-1: Ball
1-1: Ball
2-1: Swinging Strike
2-2: Strikes out looking
Batting: LHB Eaton Duda 0-0: Foul Ball, location: 2F
0-1: Ball
1-1: Swinging Strike
1-2: Foul Ball, location: 2F
1-2: Strikes out swinging
Top of the 7th over - 0 runs, 0 hits, 1 error, 2 left on base; Oklahoma City 1 - Sacramento 5
BOTTOM OF THE 7TH
Sacramento Amish batting - Pitching for Oklahoma City 89'ers : RHP Lucas Gustafson
Batting: RHB Martin Riley 0-0: Ball
1-0: Ball
2-0: SINGLE (Groundball, 6MD, EV 105.6 MPH)
Batting: RHB Stefan Flynn 0-0: Bunt - Flyout to P! F1
Batting: LHB Logan Laughlin 0-0: Ball
1-0: Called Strike
1-1: Swinging Strike
1-2: Ball
2-2: Ball
3-2: Base on Balls
Martin Riley to second
Batting: RHB Blake Allen 0-0: Called Strike
0-1: Ball
1-1: Fielders Choice at 2nd, 1-4 (Groundball, 25, EV 76.9 MPH)
Martin Riley to third
Batting: SHB Jackie Smitherman 0-0: Swinging Strike
0-1: Called Strike
0-2: Ball
1-2: Foul Ball, location: 2F
1-2: Strikes out swinging
Bottom of the 7th over - 0 runs, 1 hit, 0 errors, 2 left on base; Oklahoma City 1 - Sacramento 5
TOP OF THE 8TH
Oklahoma City 89'ers batting - Pitching for Sacramento Amish : RHP Gavin Armstrong
Batting: LHB Neal McDonald 0-0: SINGLE (Line Drive, 89S, EV 86.9 MPH)
Pinch Hitting: LHB Adrien Davis 0-0: Ball
1-0: Ball
2-0: Ball
3-0: Called Strike
3-1: Base on Balls
Neal McDonald to second
Batting: RHB Quinn Holloway 0-0: Called Strike
0-1: Ball
1-1: Ball
2-1: Ball
3-1: Swinging Strike
3-2: Strikes out swinging
Batting: RHB Logan Michalski 0-0: Foul Ball, location: 2F
0-1: Called Strike
0-2: Ball
1-2: Strikes out swinging
Batting: SHB Stuart Owens 0-0: Swinging Strike
0-1: Called Strike
0-2: Ball
1-2: Ball
2-2: Foul Ball, location: 2F
2-2: Strikes out looking
Top of the 8th over - 0 runs, 1 hit, 0 errors, 2 left on base; Oklahoma City 1 - Sacramento 5
BOTTOM OF THE 8TH
Sacramento Amish batting - Pitching for Oklahoma City 89'ers : RHP Lucas Gustafson
Now at 2B: Wes Silvers
Batting: RHB Trinity Gonzalez 0-0: Ball
1-0: Called Strike
1-1: Foul Ball, location: 2F
1-2: Ball
2-2: Foul Ball, location: 2F
2-2: Fly out, F7 (Flyball, 78S, EV 85.0 MPH)
Batting: SHB Max Gilbert 0-0: Ground out 4-3 (Groundball, 4, EV 80.0 MPH)
Batting: RHB Cole Boudreaux 0-0: Ball
1-0: SINGLE (Groundball, 4M, EV 103.8 MPH) (infield hit)
Pitching: RHP Jonathan Fortunato
Batting: RHB Gavin Russell 0-0: Ball
1-0: Ball
Passed Ball!
Cole Boudreaux to second
2-0: Swinging Strike
2-1: Called Strike
2-2: Strikes out swinging
Bottom of the 8th over - 0 runs, 1 hit, 0 errors, 1 left on base; Oklahoma City 1 - Sacramento 5
TOP OF THE 9TH
Oklahoma City 89'ers batting - Pitching for Sacramento Amish : RHP Gavin Armstrong
Batting: LHB Alvan Goldsmith 0-0: Called Strike
0-1: Ball
1-1: Foul Ball, location: 2F
1-2: Strikes out swinging
Batting: LHB Ozzie Young 0-0: Ball
1-0: Fly out, F7 (Flyball, 7S, EV 85.6 MPH)
Batting: RHB Uriel Guadagnino 0-0: SINGLE (Groundball, 6M, EV 103.8 MPH)
Pitching: LHP Davey Ward
Batting: LHB Eaton Duda 0-0: Called Strike
0-1: Foul Ball, location: 2F
0-2: Ball
1-2: Strikes out swinging
Top of the 9th over - 0 runs, 1 hit, 0 errors, 1 left on base; Oklahoma City 1 - Sacramento 5
Wednesday, March 27th , 2024 - OOTP Baseball 23.10 Build 110